Map: Triton LE

Players

Trap

  • Race: Protoss Protoss
  • Spawn Location: 5:00

Rogue - Winner!

  • Race: Zerg Zerg
  • Spawn Location: 11:00

Event: 2019 WCS Global FInals

VOD

Have the link to the VOD?

Description

Time

  • Played on: Oct. 27, 2019, 2:20 a.m.
  • Length: 7:09

All games in this series

Show
View Real Time Build Order
Export as new Build Order

Trap Protoss 

Build Orders: 1 Gate Expand 

Get SALT Encoding   

  12  0:00  Probe  
  13  0:12  Probe  
  14  0:19  Pylon  
  14  0:24  Probe  
  15  0:37  Probe (Chrono Boost)  
  16  0:44  Gateway  
  16  0:46  Assimilator, Probe (Chrono Boost)  
  17  0:51  Probe (Chrono Boost)  
  18  1:03  Probe  
  19  1:15  Probe  
  20  1:22  Nexus  
  20  1:33  Cybernetics Core  
  20  1:36  Probe  
  21  1:44  Assimilator  
  21  1:48  Probe  
  21  1:52  Pylon  
  22  2:00  Probe  
  23  2:07  Adept (Chrono Boost)  
  23  2:11  Warp Gate  
  23  2:12  Probe  
  26  2:19  Robotics Facility  
  26  2:24  Probe  
  27  2:30  Stalker  
  27  2:36  Probe (Chrono Boost)  
  30  2:37  Probe (Chrono Boost)  
  31  2:46  Probe x2 (Chrono Boost)  
  31  2:51  Probe x2 (Chrono Boost)  
  35  3:00  Sentry  
  35  3:03  Probe x2  
  35  3:05  Warp Prism (Chrono Boost)  
  41  3:15  Probe x2  
  43  3:21  Forge  
  43  3:27  Probe x2  
  43  3:28  Pylon  
  43  3:34  Gateway  
  45  3:35  Observer (Chrono Boost)  
  46  3:44  Pylon  
  46  3:46  Probe x2  
  46  3:47  Assimilator  
  48  3:53  Immortal (Chrono Boost)  
  52  3:56  Protoss Ground Weapons Level 1  
  52  3:59  Sentry  
  52  4:02  Probe x2  
  56  4:07  Pylon  
  56  4:22  Immortal (Chrono Boost)  
  56  4:23  Gateway  
  60  4:26  Gateway  
  60  4:30  Sentry  
  62  4:35  Gateway  
  62  4:41  Sentry  
  62  4:44  Pylon  
  64  4:54  Immortal (Chrono Boost)  
  70  5:03  Gateway  
  70  5:05  Gateway  
  70  5:06  Gateway  
  68  5:09  Zealot, Sentry  
  72  5:18  Pylon  
  72  5:21  Pylon  
  72  5:37  Pylon, Zealot x5  
  82  5:48  Pylon  
  82  6:01  Stalker x6  
  82  6:04  Zealot  
  96  6:07  Zealot  
  94  6:30  Zealot x7  
  94  6:36  Warp Prism (Chrono Boost)  
  64  7:00  Stalker x5  
Show
View Real Time Build Order
Export as new Build Order

Rogue Zerg - Winner!

Build Orders: Hatch First 

Get SALT Encoding   

  12  0:00  Drone  
  13  0:12  Overlord  
  13  0:16  Drone  
  14  0:30  Drone x2  
  16  0:47  Hatchery  
  15  0:50  Drone  
  15  0:54  Drone  
  17  0:57  Drone  
  18  1:08  Extractor  
  17  1:12  Spawning Pool  
  17  1:15  Drone  
  18  1:18  Drone  
  18  1:27  Drone  
  19  1:38  Drone  
  20  1:49  Overlord  
  20  1:59  Zergling x2, Queen x2  
  20  2:00  Zergling x2  
  26  2:07  Metabolic Boost  
  26  2:10  Drone  
  26  2:11  Drone  
  28  2:21  Drone  
  28  2:22  Drone  
  30  2:32  Drone  
  30  2:33  Drone  
  32  2:38  Hatchery  
  31  2:45  Queen  
  33  2:52  Overlord  
  33  2:54  Drone x2  
  33  2:57  Drone  
  36  3:11  Drone x5  
  41  3:17  Overlord  
  40  3:20  Pneumatized Carapace  
  40  3:24  Drone x2  
  42  3:28  Queen  
  44  3:34  Spore Crawler  
  44  3:40  Drone x2  
  46  3:42  Overlord  
  46  3:44  Drone  
  47  3:49  Roach Warren  
  47  3:51  Drone x4  
  50  3:57  Extractor x2  
  50  3:58  Overlord  
  50  4:00  Overlord  
  50  4:01  Drone x2  
  50  4:03  Drone  
  50  4:09  Overlord  
  51  4:12  Drone x4  
  51  4:16  Drone x4  
  51  4:17  Drone  
  60  4:21  Lair  
  60  4:25  Drone  
  60  4:28  Drone x2  
  60  4:29  Drone  
  64  4:33  Evolution Chamber  
  64  4:35  Drone x3  
  66  4:40  Extractor  
  66  4:41  Extractor, Zergling x4  
  66  4:43  Zergling x6  
  69  4:49  Overlord  
  69  4:53  Drone x4  
  69  4:56  Overlord  
  69  4:57  Overlord  
  73  5:00  Zerg Melee Weapons Level 1  
  73  5:03  Overlord  
  73  5:06  Overlord  
  73  5:07  Zergling x2  
  73  5:12  Roach x3  
  73  5:13  Roach  
  82  5:16  Roach x2  
  82  5:19  Roach  
  87  5:22  Roach  
  87  5:24  Roach  
  87  5:27  Glial Reconstitution  
  91  5:29  Overseer  
  91  5:30  Roach x2  
  91  5:31  Roach  
  91  5:35  Roach x2  
  101  5:40  Roach x3  
  106  5:43  Ravager x2  
  106  5:45  Overlord  
  106  5:46  Roach  
  106  5:48  Zergling x4  
  111  5:50  Overseer, Roach  
  111  5:55  Overlord  
  113  5:58  Overlord  
  113  6:04  Zergling x12  
  114  6:05  Overlord, Ravager x2  
  121  6:14  Roach x4  
  121  6:18  Roach x2  
  129  6:25  Roach  
  115  6:26  Roach  
  115  6:27  Roach  
  115  6:28  Roach  
  95  6:33  Roach  
  95  6:34  Roach x4  
  95  6:36  Roach  
  100  6:40  Roach  
  100  6:41  Zergling x2  
  100  6:42  Zergling x2  
  100  6:46  Roach  
  100  6:50  Roach x2  
Tags
 
Add a new tag
Caveats
  • Supply blocks, unpowered buildings, or Contaminate may cause inaccurate times.
  • Supply counts are checked every 10 seconds.